 Dungeon Crawl Stone Soup version 0.27.1-1-g398f81649c (webtiles) character file.

Game seed: 18167235040833483940

421 funkygono the Magician (level 7, -6/46 HPs)
             Began as a Djinni Fire Elementalist on Sept 18, 2021.
             Was an Initiate of the Shining One.
             Mangled by Duvessa (13 damage)
             ... on level 5 of the Dungeon.
             The game lasted 00:12:10 (5935 turns).

funkygono the Magician (Djinni Fire Elementalist)   Turns: 5935, Time: 00:12:11

Health: -6/46      AC:  4    Str:  7    XL:     7   Next: 16%
Gold:   197        EV: 12    Int: 18    God:    the Shining One [......] SH:  0 Dex: 14

rFire    + + +     SeeInvis .   l - +3 falchion
rCold    x . .     Faith    .   (no shield)
rNeg     . . .     Spirit   .   a - +0 robe
rPois    ∞         Reflect  .   (no helmet)
rElec    .         Harm     .   (no cloak)
rCorr    .         Rampage  .   j - +1 pair of gloves
Will     .....                  (boots unavailable)
Stlth    +.........             (no amulet)
HPRegen  0.15/turn              k - ring of protection from fire
MPRegen  0.00/turn              (no ring)

@: flying, glowing
A: sickness immunity, fire resistance 2, cold vulnerability 1, float, innate
caster, hp casting, extra vitality 1
a: Renounce Religion


You were on level 5 of the Dungeon.
You worshipped the Shining One.
The Shining One was noncommittal.
You visited 2 branches of the dungeon, and saw 6 of its levels.
You also visited: Sewer.

You collected 197 gold pieces.

Inventory:

Hand Weapons
 b - a +0 dagger
 i - a +2 whip of flaming
 l - a +3 falchion (weapon)
 m - a +0 long sword of protection
Missiles
 d - 111 stones
Armour
 a - a +0 robe (worn)
 j - a +1 pair of gloves (worn)
 n - a +0 troll leather armour {Purgy}
Jewellery
 k - a ring of protection from fire (left hand)
Scrolls
 e - 5 scrolls of identify
 f - 3 scrolls of teleportation
 o - a scroll of magic mapping
Potions
 c - 2 potions of cancellation
 h - 2 potions of attraction
 p - a potion of resistance


   Skills:
 + Level 0.7 Fighting
 + Level 0.6 Long Blades
 + Level 0.4 Maces & Flails
 + Level 2.8 Dodging
 + Level 2.0 Stealth
 * Level 5.3 Spellcasting


You couldn't memorise any spells.
You knew the following spells:

 Your Spells              Type           Power      Damage    Failure   Level
a - Foxfire               Conj/Fire      96%        2x1d8     1%          1
b - Conjure Flame         Conj/Fire      24%        6-21      4%          3
c - Inner Flame           Hex/Fire       24%        N/A       4%          3
d - Sticky Flame          Conj/Fire      24%        2d5       14%         4
e - Fireball              Conj/Fire      12%        3d7       36%         5
f - Summon Small Mammal   Summ           96%        N/A       1%          1
g - Searing Ray           Conj           48%        3d5       2%          2
h - Stone Arrow           Conj/Erth      48%        3d10      4%          3
Your spell library was empty.

Dungeon Overview and Level Annotations

Branches:
Dungeon (5/15)             Temple (1/1) D:4           Sewer (visited)

Altars:
Ashenzari
Cheibriados
Dithmenos
Fedhas
Gozag
Kikubaaqudgha
Makhleb
Nemelex Xobeh
Qazlal
Ru
Sif Muna
Vehumet
Wu Jian
Xom
Yredelemnul
The Shining One

Annotations:
D:5 Duvessa


Innate Abilities, Weirdness & Mutations

You are immune to sickness and miasma.
You are immune to poison.
Your flesh is very heat resistant. (rF++)
You are vulnerable to cold. (rC-)
You float through the air rather than walking.
You learn spells naturally, not from books.
Your magical power is your life essence.
You have superior vitality. (+4 HP)


Message History

The foxfire hits Dowan.
Dowan is heavily wounded.
Your rat barely misses Duvessa.
Casting: Foxfire (safe; 1% risk of failure)
Confirm with . or Enter, or press ? or * to list all spells.
You conjure some foxfire!
The foxfire hits Duvessa.
Duvessa is lightly wounded.
The foxfire hits Dowan.
Dowan is almost dead.
Dowan hits you but does no damage.
Duvessa hits your rat with a +0 short sword!
Your rat dies!
Your rat's corpse disappears in a puff of smoke!
Casting: Foxfire (safe; 1% risk of failure)
Confirm with . or Enter, or press ? or * to list all spells.
You conjure some foxfire!
The foxfire hits Dowan.
Dowan is almost dead.
The foxfire hits Dowan.
You kill Dowan!
Duvessa screams, "No!
How DARE you!"
Duvessa goes berserk!
Casting: Foxfire (safe; 1% risk of failure)
Confirm with . or Enter, or press ? or * to list all spells.
You conjure some foxfire!
The foxfire hits Duvessa but does no damage.
Duvessa is lightly wounded.
The foxfire hits Duvessa.
Duvessa is moderately wounded.
Duvessa hits you with a +0 short sword!
Casting: Foxfire (safe; 1% risk of failure)
Confirm with . or Enter, or press ? or * to list all spells.
You conjure some foxfire!
The foxfire hits Duvessa but does no damage.
Duvessa is moderately wounded.
The foxfire hits Duvessa.
Duvessa is moderately wounded.
Duvessa hits you with a +0 short sword!!
* * * LOW HITPOINT WARNING * * *
Duvessa hits you with a +0 short sword!
You die...

#. #..........
####.##........#
#.........#..# .#
#..#........## .#
#..##.......# ..#
#...#.......#..####
#......##.(........
#...###ve.#.#.....
#.......@.### ....
##...).v.§# ...
#....))..## ..
##...))..###. .
#...<........
#.............
##.......#....
#.#....####.#
######## .


You could see Duvessa (berserk, ally target).

Vanquished Creatures
  Purgy (Sewer)
  Dowan (D:5)
  A howler monkey (D:4)
  3 orc priests
  4 adders
  A river rat (D:3)
  An ufetubus (D:4)
  A worm (D:3)
  4 dart slugs (D:1)
  6 orcs
  5 endoplasms
  4 giant cockroaches
  5 goblins
  7 hobgoblins
  3 jackals (D:1)
  10 kobolds
  3 quokkas
  13 ball pythons
  10 bats
  2 frilled lizards
  11 rats
96 creatures vanquished.

Vanquished Creatures (others)
  A hobgoblin (D:4)
  277 foxfires
278 creatures vanquished.

Grand Total: 374 creatures vanquished

Notes
Turn   | Place    | Note
-------+----------+-------------------------------------------
     0 | D:1      | funkygono the Djinni Fire Elementalist began the quest for
                  | the Orb.
     0 | D:1      | Reached XP level 1. HP: 15/15 MP: 0/0
    41 | D:1      | Reached XP level 2. HP: 8/21 MP: 0/0
   476 | D:1      | Reached skill level 3 in Spellcasting
   570 | D:1      | Reached XP level 3. HP: 24/25 MP: 0/0
   570 | D:1      | Learned a level 1 spell: Summon Small Mammal
   890 | D:1      | Found a faded altar of an unknown god.
  1597 | D:2      | Reached XP level 4. HP: 24/31 MP: 0/0
  2802 | D:3      | Found a glowing drain.
  2915 | D:3      | Reached XP level 5. HP: 24/35 MP: 0/0
  2915 | D:3      | Learned a level 2 spell: Searing Ray
  3007 | Sewer    | Entered a sewer
  3124 | Sewer    | Noticed Purgy
  3144 | Sewer    | Killed Purgy
  3145 | Sewer    | Reached skill level 4 in Spellcasting
  3145 | Sewer    | Reached XP level 6. HP: 3/41 MP: 0/0
  4445 | D:4      | Reached skill level 5 in Spellcasting
  4662 | D:4      | Noticed an orc warrior
  5088 | D:4      | Found a staircase to the Ecumenical Temple.
  5097 | Temple   | Entered the Ecumenical Temple
  5223 | Temple   | Became a worshipper of the Shining One
  5538 | D:4      | Found a shadowy altar of Dithmenos.
  5700 | D:5      | Entered Level 5 of the Dungeon
  5708 | D:5      | Reached XP level 7. HP: 18/46 MP: 0/0
  5708 | D:5      | Learned a level 3 spell: Stone Arrow
  5918 | D:5      | Noticed Dowan
  5918 | D:5      | Noticed Duvessa
  5933 | D:5      | Killed Dowan
  5935 | D:5      | Mangled by Duvessa

Illustrated notes

Levels and vault maps discovered:
D:1:      dpeg_arrival_short_road, layout_basic,
          chequers_ecumenical_altar_twisty
D:2:      layout_loops_ring
D:3:      minmay_general_purpose_star, layout_basic, portal_sewer_entry_b
D:4:      layout_loops_corners, mainiacjoe_overflow_alcove_4,
          lemuel_temple_firewalk_b
D:5:      layout_cave_pools, lightli_corner_chamber, uniq_prince_ribbit1,
          uniq_duvessa, uniq_ijyb
Temple:   regret_index_temple_waves

Skill      XL: |  1  2  3  4  5  6 |
---------------+-------------------+-----
Spellcasting   | 3 4 5 |  5.3
Stealth        | 2 |  2.0
Fighting       | |  0.7
Long Blades    | |  0.6
Maces & Flails | |  0.4
Dodging        | |  2.8

Action                   |  1- 3 |  4- 6 |  7- 9 || total
-------------------------+-------+-------+-------++-------
Melee: Dagger            |     1 |       |       ||     1
       Whip              |     4 |     3 |       ||     7
       Long sword        |       |    14 |       ||    14
       Falchion          |       |     4 |       ||     4
 Cast: Foxfire           |    53 |   104 |    10 ||   167
       Summon Small Mamm |       |     4 |     3 ||     7
       Sticky Flame      |       |     1 |       ||     1
       Searing Ray       |       |     2 |       ||     2
  Use: Scroll            |     4 |     5 |       ||     9
       Potion            |       |     1 |       ||     1
Armor: Robe              |     3 |    16 |     1 ||    20
Dodge: Dodged            |    17 |    48 |     1 ||    66
       Rpst.: Long sword |       |     6 |       ||     6
       Falchion          |       |     5 |       ||     5
